[Event "*** Titled Tuesday 3|2 Blitz"]
[Site "Chess.com"]
[Date "2016.01.05"]
[Round "6"]
[White "HansCoolNiemann"]
[Black "ZEN-22"]
[Result "0-1"]
[WhiteElo "2205"]
[BlackElo "2397"]
[TimeControl "180+2"]
[EndTime "12:09:37 PST"]
[Termination "ZEN-22 won by checkmate"]

1. d4 d6 2. c4 Nf6 3. Nf3 g6 4. Nc3 Bf5 5. Bg5 Bg7 6. e3 h6 7. Bxf6 Bxf6 8. Bd3 Bd7 9. Qc2 e5 10. Nd5 Bg7 11. h4 c6 12. Nc3 exd4 13. exd4 Qe7+ 14.
Kf1 O-O 15. Re1 Qd8 16. h5 g5 17. Bh7+ Kh8 18. Bf5 Na6 19. a3 c5 20. d5 Nc7 21. g4 a6 22. Kg2 b5 23. b3 a5 24. Ne4 a4 25. bxa4 Bxf5 26. gxf5 Rxa4 27. cxb5 Rxa3 28. Qd2 Nxb5 29. Rb1 Rxf3 30. Kxf3 Nd4+ 31. Kg2 Nxf5 32. Ng3 Nh4+ 33. Kf1 f5 34. Qd3 g4 35. Ne2 Qg5 36. Qg3 Nf3 37. Kg2 Be5 38. Rb7 f4 39. Qxf3 gxf3+ 40. Kxf3 Bg7 41. Ke4 Qe5+ 42. Kf3 Qxd5+ 43.
Kg4 Qxb7 44. Rg1 Qf7 45. Kf3 Qxh5+ 46. Ke4 Qxe2+ 47. Kd5 Qf3+ 48. Ke6 Rf6+ 49. Kd7 Qb7+ 50. Ke8 Rf8# 0-1

[Event "*** Titled Tuesday 3|2 Blitz"]
[Site "Chess.com"]
[Date "2016.01.05"]
[Round "6"]
[White "chessdude"]
[Black "Iball95"]
[Result "1-0"]
[WhiteElo "2320"]
[BlackElo "2388"]
[TimeControl "180+2"]
[EndTime "12:09:51 PST"]
[Termination "chessdude won by resignation"]

1. e4 c5 2. Nf3 Nc6 3. d4 cxd4 4.
Nxd4 g6 5. c4 Nf6 6. Nc3 d6 7.
f3 Nxd4 8. Qxd4 Bg7 9. Be3 O-O 10. Qd2 Be6 11. Rc1 Qa5 12. b3 Rfc8 13. Be2 a6 14.
Na4 Qxd2+ 15. Kxd2 Nd7 16. g4 f5 17. exf5 gxf5 18. h3 Rf8 19. Rhg1 Kh8 20. Nc3 Rab8 21.
Nd5 Bxd5 22. cxd5 f4 23. Ba7 Rbc8 24. Bd3 Bb2 25. Rxc8 Rxc8 26. Bf5 Rc7 27. Bxd7 Rxd7 28.
Rb1 Be5 29. Bb6 Kg7 30. Rc1 Kf6 31. Rc8 e6 32. dxe6 Kxe6 33. Rc7 Rxc7 34. Bxc7 Kd5 35. Kd3 Bf6 36. Bb6 Bb2 37. Bf2 Bc1 38. h4 Bb2 39. Be1 Bc1 40. h5 Ke5 41. Bc3+ Kd5 42. Bg7 Ke6 43. Bc3 Kd5 44. g5 Ke6 45. g6 hxg6 46. h6 1-0

[Event "*** Titled Tuesday 3|2 Blitz"]
[Site "Chess.com"]
[Date "2016.01.05"]
[Round "6"]
[White "KNVB"]
[Black "pKiLz5Rn9b"]
[Result "0-1"]
[WhiteElo "2397"]
[BlackElo "2366"]
[TimeControl "180+2"]
[EndTime "12:10:00 PST"]
[Termination "pKiLz5Rn9b won by resignation"]

1. d4 e6 2. c4 Nf6 3. Nc3 Bb4 4. Qc2 d5 5. a3 Bxc3+ 6. Qxc3 Ne4 7. Qc2 c5 8. e3 Nc6 9. dxc5 Qa5+ 10. Bd2 Nxd2 11.
Qxd2 dxc4 12. Qxa5 Nxa5 13. Rc1 b5 14. cxb6 axb6 15. Bxc4 Bb7 16. Bb5+ Ke7 17. Nf3 Rhc8 18. Ke2 Nb3 19. Rc4 Bd5 20. Rxc8 Rxc8 21. Bd3 Nc1+ 22.
Kd2 Nb3+ 23. Ke2 f5 24. Rb1 Nc1+ 25. Kd2 Nxd3 26. Nd4 Nxf2 0-1

[Event "*** Titled Tuesday 3|2 Blitz"]
[Site "Chess.com"]
[Date "2016.01.05"]
[Round "6"]
[White "Moltini"]
[Black "Hollywood_Chess"]
[Result "1-0"]
[WhiteElo "2194"]
[BlackElo "2060"]
[TimeControl "180+2"]
[EndTime "12:10:19 PST"]
[Termination "Moltini won by resignation"]

1. d4 Nf6 2. c4 e6 3. Nf3 Bb4+ 4.
Bd2 Qe7 5. g3 O-O 6. Bg2 Bxd2+ 7. Nbxd2 Nc6 8. O-O d6 9. e4 e5 10. d5 Nb8 11. b4 a5 12. a3 Na6 13. Qb3 Bg4 14. h3 Bd7 15. Kh2 c6 16. Rac1 Rfc8 17. Nh4 cxd5 18. cxd5 Bb5 19. Rfe1 Qd7 20. Nf5 g6 21.
Ne3 Ba4 22. Qb2 Qb5 23. Bf1 Qd7 24. Nec4 axb4 25. Nb6 Rxc1 26. Nxd7 Rxe1 27. Nxf6+ Kg7 28. Ng4 bxa3 29. Qxa3 Nc5 30. Qc3 Bd7 31. Nxe5 Na4 32. Qc7 dxe5 33. Qxd7 b5 34. Bxb5 Nc3 35. Bc6 Raa1 36.
Qe7 Nd1 37. Qxe5+ Kh6 38. Qxa1 1-0

[Event "*** Titled Tuesday 3|2 Blitz"]
[Site "Chess.com"]
[Date "2016.01.05"]
[Round "6"]
[White "the_drake"]
[Black "Frolyanov_D"]
[Result "0-1"]
[WhiteElo "2027"]
[BlackElo "2472"]
[TimeControl "180+2"]
[EndTime "12:10:21 PST"]
[Termination "Frolyanov_D won by checkmate"]

1. e4 e5 2. Nf3 Nf6 3. Nc3 Nc6 4. h3 d5 5. exd5 Nxd5 6. Bc4 Nxc3 7. bxc3 Be7 8. O-O e4 9. Nh2 O-O 10. Re1 Bf5 11.
Nf1 Ne5 12. Bb3 Bh4 13. d4 Ng6 14.
Qh5 Qf6 15. g3 Bxh3 16. gxh4 Nxh4 17. Nh2 h6 18. Rxe4 Rae8 19. Re5 Rxe5 20. dxe5 Qc6 21. f3 Qc5+ 22. Kh1 Bg2# 0-1

[Event "*** Titled Tuesday 3|2 Blitz"]
[Site "Chess.com"]
[Date "2016.01.05"]
[Round "6"]
[White "RitchieBlackmore"]
[Black "AsafGivon"]
[Result "1-0"]
[WhiteElo "2423"]
[BlackElo "2273"]
[TimeControl "180+2"]
[EndTime "12:10:25 PST"]
[Termination "RitchieBlackmore won on time"]

1. Nf3 c5 2. g3 g6 3. Bg2 Bg7 4.
O-O Nc6 5. c4 e6 6. d3 Nge7 7. Nc3 O-O 8. Rb1 d5 9. cxd5 exd5 10.
Bd2 b6 11. Bf4 d4 12. Ne4 Nd5 13. Bd6 Re8 14. Nfg5 h6 15. Qb3 Nce7 16. Bxe7 Rxe7 17. Nxf7 Rxf7 18. Nd6 Be6 19. Bxd5 Qxd6 20. Bxe6 Rf8 21.
Bxf7+ Rxf7 22. e4 Kf8 23. f4 Rc7 24. f5 g5 25. f6 Bxf6 26. Rf5 c4 27. dxc4 Kg7 28.
Rbf1 Be5 29. c5 bxc5 30. Rf7+ Kg6 31. Rxc7 Qxc7 32. Qe6+ Kg7 33. Rf5 Bd6 34. e5 1-0

[Event "*** Titled Tuesday 3|2 Blitz"]
[Site "Chess.com"]
[Date "2016.01.05"]
[Round "6"]
[White "StellarChessPro"]
[Black "Rating-Schmating"]
[Result "1-0"]
[WhiteElo "2209"]
[BlackElo "2121"]
[TimeControl "180+2"]
[EndTime "12:10:38 PST"]
[Termination "StellarChessPro won by resignation"]

1. d4 e6 2. Nf3 Nf6 3. Bf4 c5 4. c3 Nc6 5. e3 b6 6. Nbd2 Bb7 7. Bd3 d6 8. Qe2 Be7 9. h3 O-O 10. O-O-O Rc8 11. Kb1 cxd4 12. exd4 Nd5 13. Bh2 Na5 14.
Rc1 g6 15. h4 f5 16. Qxe6+ Kh8 17. h5 Rf6 18. Qe2 Qd7 19. hxg6 Rxg6 20. Bg3 Rcg8 21. Rh5 Bg5 22. Rch1 Bxd2 23. Qxd2 Rf8 24. Ng5 Nf6 25. Rh6 Rfg8 26. Qf4 Rxg5 27. Rxf6 Bc8 28. Rxd6 Qg7 29. Qxg5 Qxg5 30. Bh4 Qh6 31. Rxh6 1-0

[Event "*** Titled Tuesday 3|2 Blitz"]
[Site "Chess.com"]
[Date "2016.01.05"]
[Round "6"]
[White "Dlugy"]
[Black "MinhGTrAn"]
[Result "1-0"]
[WhiteElo "2611"]
[BlackElo "2589"]
[TimeControl "180+2"]
[EndTime "12:11:00 PST"]
[Termination "Dlugy won by resignation"]

1. d4 Nf6 2. Bf4 e6 3. e3 b6 4. Nf3 Bb7 5. Nbd2 Be7 6. h3 d6 7. c3 Nbd7 8. Bh2 O-O 9. Bd3 c5 10. O-O a6 11. a4 cxd4 12. exd4 Re8 13. Re1 Nf8 14. Nc4 Rc8 15. Nfd2 Qc7 16. Qb3 Nd5 17. Ne4 Red8 18. Qa3 Qc6 19. Bxd6 Rxd6 20. Ncxd6 Rd8 21. c4 Nf4 22. d5 Qd7 23. c5 exd5 24. Nxb7 dxe4 25.
Bxe4 Rb8 26. c6 Qc7 27. Qg3 N8e6 28. Rad1 g6 29. Bf3 Bf6 30. Rd7 Qc8 31. Rxf7 Kxf7 32. Nd6+ Kg7 33. Nxc8 Rxc8 1-0

[Event "*** Titled Tuesday 3|2 Blitz"]
[Site "Chess.com"]
[Date "2016.01.05"]
[Round "6"]
[White "TheLancer"]
[Black "jbj"]
[Result "1-0"]
[WhiteElo "2401"]
[BlackElo "2285"]
[TimeControl "180+2"]
[EndTime "12:11:32 PST"]
[Termination "TheLancer won by checkmate"]

1. e4 d6 2. d4 Nf6 3. Nc3 e5 4. Nf3 Nbd7 5. dxe5 dxe5 6. Bc4 Be7 7. h3 O-O 8. O-O c6 9. a4 Qc7 10. Qe2 a5 11. Be3 Nc5 12. Ng5 h6 13. Nxf7 Rxf7 14.
Bxf7+ Kxf7 15. Bxc5 Be6 16. Bxe7 Qxe7 17. Qe3 Qb4 18.
Rad1 Kg8 19. b3 Rf8 20. Rd2 Nh5 21. Ne2 Nf6 22. f3 b5 23. Qc3 bxa4 24. Qxb4 axb4 25.
bxa4 Bc4 26. Rb1 c5 27. Nc1 Ra8 28. Nb3 Rxa4 29. Nxc5 Ra5 30. Nb7 Ra2 31. Nd6 Be6 32.
Rxb4 Ra1+ 33. Kf2 Nh5 34. Nf5 Nf4 35. Rb7 g6 36. Rd8# 1-0

[Event "*** Titled Tuesday 3|2 Blitz"]
[Site "Chess.com"]
[Date "2016.01.05"]
[Round "6"]
[White "AndrewMcStone"]
[Black "tac49"]
[Result "0-1"]
[WhiteElo "1982"]
[BlackElo "2454"]
[TimeControl "180+2"]
[EndTime "12:11:32 PST"]
[Termination "tac49 won by resignation"]

1. d4 g6 2. c4 Bg7 3. Nc3 Nf6 4. e4 O-O 5. Nge2 d6 6. Ng3 c6 7. Be2 a6 8. O-O b5 9. b3 e5 10. dxe5 dxe5 11. Ba3 Re8 12. Qxd8 Rxd8 13. Rfd1 Nbd7 14. Bd6 Bb7 15. c5 Bf8 16. Bxf8 Kxf8 17. b4 a5 18. a3 Ke7 19. Rac1 Nf8 20. f3 Ne6 21. Bf1 axb4 22. axb4 Rxd1 23. Rxd1 Ra3 24. Rd3 Rb3 25. Nd5+ cxd5 26. Rxb3 Nd4 27. Rb1 dxe4 28. fxe4 Nxe4 29. Nxe4 Bxe4 30. Ra1 Bc6 31. Ra7+ Ke6 32. g4 Nc2 33.
Ra6 Nxb4 34. Rb6 Kd5 35. Bxb5 Kxc5 0-1

[Event "*** Titled Tuesday 3|2 Blitz"]
[Site "Chess.com"]
[Date "2016.01.05"]
[Round "6"]
[White "BjarkeSahl"]
[Black "Malev212"]
[Result "1-0"]
[WhiteElo "2120"]
[BlackElo "2259"]
[TimeControl "180+2"]
[EndTime "12:11:33 PST"]
[Termination "BjarkeSahl won by resignation"]

1. Nf3 b6 2. b3 Bb7 3. Bb2 Bxf3 4. exf3 c5 5. f4 Nc6 6. g3 e6 7. Bg2 Nf6 8. O-O d5 9. d3 g6 10. Nd2 Bg7 11. Nf3 O-O 12. Ne5 Qc7 13. Nxc6 Qxc6 14.
Be5 Rad8 15. Qc1 Nd7 16. Bxg7 Kxg7 17. Qb2+ Kg8 18. c4 Qd6 19. Rfe1 Nb8 20. cxd5 exd5 21. Re5 Qf6 22. Re2 Qxb2 23. Rxb2 Nc6 24. Re2 a5 25. Rae1 Kg7 26. h4 h5 27. Re3 Rd6 28. f5 Nd4 29. fxg6 Nc2 30. gxf7 Nxe1 31. Rxe1 Rxf7 32. Re5 Rdf6 33. Rg5+ Kh6 34. Bxd5 Rf8 35. f4 Rf5 36. Be4 Rxg5 37. hxg5+ Kg7 38. f5 Rd8 39. Kg2 a4 40. bxa4 Rd4 41. Kf3 Rxa4 42. Kf4 Rxa2 43. f6+ Kf7 44. Bd5+ Kg6 45. Bxa2 1-0

[Event "*** Titled Tuesday 3|2 Blitz"]
[Site "Chess.com"]
[Date "2016.01.05"]
[Round "6"]
[White "rdclayton"]
[Black "chorejason"]
[Result "1-0"]
[WhiteElo "2117"]
[BlackElo "1895"]
[TimeControl "180+2"]
[EndTime "12:11:40 PST"]
[Termination "rdclayton won by resignation"]

1. d4 Nf6 2. c4 g6 3. Nc3 Bg7 4. e4 d6 5. h3 O-O 6. Bg5 c5 7. d5 e6 8. dxe6 Bxe6 9. Bd3 Nc6 10. Nf3 Qa5 11. O-O Nd4 12. Nxd4 cxd4 13. Nd5 Bxd5 14. cxd5 Rfe8 15. Re1 Nd7 16. a3 Rac8 17. b4 Qb6 18.
Rc1 Ne5 19. Qd2 Rc3 20. Rxc3 dxc3 21. Qc2 Rc8 22. Be3 Qd8 23. Kf1 Nxd3 24. Qxd3 c2 25. Rc1 Qc7 26. Bd4 Bh6 27. Be3 Bg7 28. Bd4 Bh6 29.
Be3 Bxe3 30. fxe3 Qc3 31. Ke2 Qb2 32. Kd2 Rc3 33. Qxc3 1-0

[Event "*** Titled Tuesday 3|2 Blitz"]
[Site "Chess.com"]
[Date "2016.01.05"]
[Round "6"]
[White "Vorenus_Lucius"]
[Black "volodja49"]
[Result "1-0"]
[WhiteElo "2493"]
[BlackElo "2301"]
[TimeControl "180+2"]
[EndTime "12:11:59 PST"]
[Termination "Vorenus_Lucius won on time"]

1. d4 d5 2. c4 e6 3. Nf3 Nf6 4. g3 Nbd7 5. Bg2 dxc4 6. O-O Rb8 7. Qc2 b5 8. b3 cxb3 9. axb3 a6 10. e4 Bb7 11.
Nbd2 Be7 12. Ba3 O-O 13. b4 Nb6 14. Rfe1 Na4 15. Nb3 Ba8 16. Ne5 Nd7 17. Nd3 Ndb6 18. Rad1 Nc4 19. Bc1 Qc8 20. Bf1 Qb7 21. Ndc5 Nxc5 22.
bxc5 Nd6 23. cxd6 cxd6 24. d5 exd5 25. exd5 Bf6 26. Na5 Qb6 27. Nc6 Rbc8 28. Be3 Qb7 29. Bd4 Bxd4 30. Rxd4 Rfe8 31. Ne7+ 1-0

[Event "*** Titled Tuesday 3|2 Blitz"]
[Site "Chess.com"]
[Date "2016.01.05"]
[Round "6"]
[White "Jahonas"]
[Black "jk13"]
[Result "0-1"]
[WhiteElo "2103"]
[BlackElo "2262"]
[TimeControl "180+2"]
[EndTime "12:12:07 PST"]
[Termination "jk13 won by resignation"]

1. d4 e6 2. Nf3 Nf6 3. c3 d5 4.
Bf4 c5 5. Nbd2 Nc6 6. e3 Bd6 7. Bxd6 Qxd6 8. Be2 O-O 9. O-O e5 10. dxe5 Nxe5 11. Nc4 Nxc4 12. Bxc4 Bg4 13. Be2 Rad8 14. h3 Bh5 15. c4 Qb6 16. Qb3 Qxb3 17. axb3 a6 18.
Rfd1 Rd6 19. g4 Bg6 20. Rd2 Rfd8 21. Rad1 Kf8 22. Nh4 Ke7 23. Nxg6+ hxg6 24. Bf3 dxc4 25. Rxd6 Rxd6 26. Rxd6 Kxd6 27. bxc4 b5 28. cxb5 axb5 29.
Kf1 c4 30. Ke2 Kc5 31. Kd2 b4 32. g5 Ne8 33. Be4 Nd6 34. Bc2 Kd5 35. h4 Ne4+ 36.
Ke2 Nc5 37. f3 b3 38. Bb1 Na4 39. Kd2 Nxb2 40. Kc3 Nd1+ 41. Kd2 Nb2 42. Kc3 Na4+ 43. Kb4 Nc5 44. Kc3 Nd7 45. Kb4 Nc5 46. Kc3 Na6 47.
Be4+ Kc5 48. f4 Nc7 49. Kd2 Kb4 50. f5 c3+ 51. Kd3 gxf5 52. Bxf5 g6 53. Be4 Ne6 54. Bd5 Nc5+ 55. Ke2 b2 0-1

[Event "*** Titled Tuesday 3|2 Blitz"]
[Site "Chess.com"]
[Date "2016.01.05"]
[Round "6"]
[White "Keranke"]
[Black "Fandorine"]
[Result "1-0"]
[WhiteElo "2612"]
[BlackElo "2540"]
[TimeControl "180+2"]
[EndTime "12:12:23 PST"]
[Termination "Keranke won by resignation"]

1. c4 g6 2. g3 Bg7 3. Bg2 Nf6 4. Nf3 O-O 5. O-O d6 6. Nc3 Nbd7 7. Rb1 a5 8. a3 e5 9. b4 axb4 10. axb4 h6 11.
d3 Re8 12. e3 Nb6 13. Nd2 Bg4 14.
Qb3 Rb8 15. Bb2 h5 16. h3 Be6 17. Qc2 Nbd7 18. Ra1 Nf8 19. Ra7 Qc8 20. Kh2 N8h7 21.
Nf3 g5 22. Ne4 Nxe4 23. dxe4 g4 24. hxg4 hxg4 25. Nh4 Ng5 26. Nf5 Bxf5 27. exf5 e4 28. Bxg7 Kxg7 29. f6+ Kxf6 30. Qc3+ Kg6 31. Rh1 Rh8+ 32.
Kg1 Rxh1+ 33. Kxh1 Ra8 34. Rxa8 Qxa8 35. Qd4 b6 36. c5 bxc5 37. bxc5 d5 38. Qe5 Qc6 39. Qf4 f5 40. Qe5 Qxc5 41. Qe8+ Nf7 42. Qe6+ Kg7 43.
Qxf5 Nh6 44. Qg5+ Kh7 45. Bxe4+ 1-0

[Event "*** Titled Tuesday 3|2 Blitz"]
[Site "Chess.com"]
[Date "2016.01.05"]
[Round "6"]
[White "Quiet_Desperation"]
[Black "kikydu96"]
[Result "0-1"]
[WhiteElo "2113"]
[BlackElo "2230"]
[TimeControl "180+2"]
[EndTime "12:12:23 PST"]
[Termination "kikydu96 won by resignation"]

1. e4 e5 2. Nf3 Nc6 3. Bb5 a6 4. Ba4 Nf6 5. d3 d6 6. c3 g6 7.
O-O Bg7 8. h3 O-O 9. Re1 b5 10.
Bc2 Bb7 11. Nbd2 Nb8 12. Nf1 Nbd7 13. Bd2 h6 14. Qc1 Kh7 15. a4 Nh5 16. Ng3 Nxg3 17.
fxg3 f5 18. exf5 gxf5 19. Nh4 Rf6 20. Rf1 Qf8 21. axb5 axb5 22. Rxa8 Bxa8 23. g4 fxg4 24. d4+ Kg8 25. Rxf6 Qxf6 26. Nf5 gxh3 27. Nxg7 Qxg7 28. Bb3+ Kh8 29. Qf1 Bxg2 30. Qf7 Qxf7 31. Bxf7 Kg7 32. Be6 Nf8 33. Bg4 exd4 34. cxd4 Ng6 35. Ba5 c6 36. Kh2 c5 37. dxc5 dxc5 38. Bxh3 Bxh3 39. Kxh3 Kf6 40.
Bb6 c4 41. Kg4 Ne5+ 42. Kh5 Nd3 43. Kxh6 Kf5 44. Bd4 Ke4 45. Bg7 Ke3 46. Kg6 Kd2 47.
Kf5 Kc2 48. Ke4 Nxb2 49. Kd5 b4 50. Kc5 b3 51. Kb4 c3 52. Bh6 Nd3+ 53. Kc4 b2 0-1

[Event "*** Titled Tuesday 3|2 Blitz"]
[Site "Chess.com"]
[Date "2016.01.05"]
[Round "6"]
[White "ER404"]
[Black "Haridaskesavan"]
[Result "1-0"]
[WhiteElo "2131"]
[BlackElo "2092"]
[TimeControl "180+2"]
[EndTime "12:12:26 PST"]
[Termination "ER404 won by checkmate"]

1. d4 g6 2. c4 Bg7 3. g3 e6 4. Bg2 Ne7 5. Nc3 d5 6. Nf3 O-O 7. O-O b6 8. Ne5 f6 9. Ng4 Bb7 10. Bh6 Bxh6 11. Nxh6+ Kg7 12. Qd2 Nd7 13. h4 c6 14. Ng4 Nf5 15. e4 dxe4 16. Bxe4 h5 17. Bxf5 hxg4 18. Bxg4 f5 19. Bf3 Nf6 20. Rfe1 Qd6 21.
Qe3 Rfe8 22. Qe5 Rad8 23. Rad1 Qxe5 24. dxe5 Nh7 25. c5 g5 26. Rd6 gxh4 27. gxh4 bxc5 28. Na4 Rxd6 29. exd6 Nf6 30. Nxc5 Bc8 31. Bxc6 Rd8 32. d7 Bxd7 33. Bxd7 Kg6 34. Nxe6 Rg8 35. Ba4 Kh5+ 36. Kf1 Ne4 37. Nf4+ Kg4 38. Ng2 Kf3 39. Re3+ Kg4 40. f3+ Kg3 41. fxe4+ Kh2 42. Nf4 a5 43. Rh3# 1-0

[Event "*** Titled Tuesday 3|2 Blitz"]
[Site "Chess.com"]
[Date "2016.01.05"]
[Round "6"]
[White "motivated_bishop"]
[Black "pedromartinez91"]
[Result "1-0"]
[WhiteElo "2309"]
[BlackElo "2061"]
[TimeControl "180+2"]
[EndTime "12:12:32 PST"]
[Termination "motivated_bishop won on time"]

1. d4 d5 2. c4 dxc4 3. e3 Nf6 4. Bxc4 e6 5. Nf3 c5 6. Qe2 Nc6 7. O-O cxd4 8. exd4 Be7 9. Nc3 O-O 10. Bg5 Nd5 11. Bxd5 Bxg5 12. Bxc6 bxc6 13. Qc4 Bf6 14. Qxc6 Rb8 15.
Qc5 Rxb2 16. Qxa7 Bb7 17. Ne5 Bxe5 18. dxe5 Qg5 19. g3 Qxe5 20. Nd1 Rb5 21. Ne3 Ra8 22. Rfd1 h5 23. Qd4 Qc7 24. Rac1 Qa5 25. Rc2 Bf3 26.
Rdc1 Rbb8 27. Nc4 Qf5 28. Ne3 Qh3 29. Qf4 Bb7 30. Rc7 1-0

[Event "*** Titled Tuesday 3|2 Blitz"]
[Site "Chess.com"]
[Date "2016.01.05"]
[Round "6"]
[White "bugsbunny444"]
[Black "stefanodinn"]
[Result "1-0"]
[WhiteElo "2360"]
[BlackElo "2155"]
[TimeControl "180+2"]
[EndTime "12:12:35 PST"]
[Termination "bugsbunny444 won on time"]

1. Nf3 Nf6 2. c4 e6 3. g3 a6 4. b3 b5 5. Nc3 b4 6. Na4 c5 7. Bg2 Bb7 8. O-O Be7 9. Bb2 O-O 10. e3 d5 11. cxd5 exd5 12. Rc1 Nbd7 13. d4 c4 14.
bxc4 dxc4 15. Rxc4 Bd5 16. Rc1 Qa5 17. Nd2 Bxg2 18.
Kxg2 Qd5+ 19. Qf3 Qxa2 20. Ra1 Qe6 21. e4 a5 22. d5 Qa6 23. e5 Ne8 24. Rfc1 Bg5 25.
Rc6 Qb5 26. Nb3 Bh6 27. Nd4 Qb7 28. Nf5 Bg5 29. Qg4 Bd8 30. Rac1 Kh8 31. h4 1-0

[Event "*** Titled Tuesday 3|2 Blitz"]
[Site "Chess.com"]
[Date "2016.01.05"]
[Round "6"]
[White "Cats4Sale"]
[Black "alturas_pacificas"]
[Result "1-0"]
[WhiteElo "2245"]
[BlackElo "2077"]
[TimeControl "180+2"]
[EndTime "12:13:02 PST"]
[Termination "Cats4Sale won by resignation"]

1. e4 c6 2. Nc3 d5 3. Nf3 dxe4 4. Nxe4 Bg4 5. Bc4 e6 6. d4 Nf6 7. Bg5 Be7 8. Bxf6 Bxf6 9. c3 O-O 10. h3 Bf5 11.
Qe2 Bxe4 12. Qxe4 Nd7 13. Bd3 g6 14. h4 Bg7 15. h5 Nf6 16. Qe2 Nxh5 17. Rxh5 gxh5 18.
O-O-O Qf6 19. Rh1 Qh6+ 20. Kb1 f5 21. Nd2 Rae8 22. Rxh5 Qg6 23. f4 h6 24. Rh3 Qg4 25. Rf3 Rf6 26. Nc4 Rg6 27. Ne3 Qh5 28. Nxf5 Qh1+ 29. Rf1 Qxg2 30. Rf2 Qg1+ 31. Rf1 Qg4 32. Qe3 Rf8 33. Ne7+ Kh7 34. Nxg6 Rf5 35. Ne7 Qg2 36. Qxe6 Qh3 37. Bxf5+ Qxf5+ 38. Qxf5+ 1-0

[Event "*** Titled Tuesday 3|2 Blitz"]
[Site "Chess.com"]
[Date "2016.01.05"]
[Round "6"]
[White "Aygehovit1992"]
[Black "wilju"]
[Result "1-0"]
[WhiteElo "2399"]
[BlackElo "1831"]
[TimeControl "180+2"]
[EndTime "12:13:04 PST"]
[Termination "Aygehovit1992 won on time"]

1. Nf3 b6 2. g3 Bb7 3. Bg2 Nf6 4. O-O c5 5. a4 g6 6. a5 Bg7 7. Nc3 O-O 8. d4 cxd4 9. Nxd4 Bxg2 10. Kxg2 Nc6 11.
Nxc6 dxc6 12. Qxd8 Rfxd8 13. Be3 c5 14. axb6 axb6 15.
Rxa8 Rxa8 16. Rd1 h5 17. h3 Kf8 18. Bf4 Ne8 19. Rd7 Bxc3 20. bxc3 Ra2 21. Bh6+ Kg8 22.
Rxe7 Nf6 23. Rb7 Rxc2 24. Rxb6 Nd5 25. Rb8+ Kh7 26. Bg5 f6 27. Rb7+ Kg8 28. c4 Rxc4 29. Bh6 g5 30. Rd7 Nc3 31. Rg7+ Kh8 32. Rf7 Ne4 33.
f3 Nc3 34. Rxf6 Nxe2 35. Bxg5 Rc2 36. g4 hxg4 37. hxg4 c4 38. Rf7 Kg8 39. Rc7 Nf4+ 40. Kg3 Ne6 41. Rc8+ Kf7 42. Be3 Rc3 43. Bd2 Rc2 44.
Bb4 Nd4 45. f4 Ne2+ 46. Kf3 c3 47. f5 Nd4+ 48. Ke4 Nb5 49. g5 Re2+ 50. Kf3 Rc2 51. Rf8+ Kg7 52. f6+ Kg6 53. Rg8+ Kf5 54. f7 Nd4+ 55.
Ke3 Ne6 56. g6 Rg2 57. g7 c2 58. f8=Q+ 1-0

[Event "*** Titled Tuesday 3|2 Blitz"]
[Site "Chess.com"]
[Date "2016.01.05"]
[Round "6"]
[White "Hikaru"]
[Black "swayamsm"]
[Result "1-0"]
[WhiteElo "2896"]
[BlackElo "2547"]
[TimeControl "180+2"]
[EndTime "12:13:05 PST"]
[Termination "Hikaru won by resignation"]

1. d4 e6 2. Bf4 b6 3. Nf3 Bb7 4. e3 Nf6 5. Nbd2 Be7 6. h3 O-O 7. Bd3 d6 8. O-O Nbd7 9. Bh2 Re8 10. e4 Bf8 11. Re1 e5 12. c3 c5 13. d5 a6 14. a4 g6 15. Qb3 Bg7 16. Nc4 Qc7 17. Nfd2 Nh5 18. Ne3 Rf8 19. Qc2 Kh8 20. Bf1 Qd8 21.
Ndc4 Qc7 22. Be2 Nf4 23. Bf1 Nh5 24. Kh1 Rae8 25. Rac1 Bh6 26. Rcd1 Kg8 27. b4 cxb4 28. cxb4 Rc8 29. Qb2 Bg7 30. Rc1 Qb8 31. Be2 Nf4 32.
Bf1 Nh5 33. Qb1 Bh6 34. Be2 Nhf6 35. Bf3 Rfd8 36. Rc2 Bg5 37. g3 h5 38. h4 Bh6 39.
Bg2 Kh7 40. Qb3 Kg8 41. f3 Rc7 42. Bg1 Rdc8 43. Ree2 b5 44. axb5 axb5 45. Na5 Ba8 46. Bh3 Kg7 47. Nd1 Bb7 48. Nc3 Ba8 49. Nd1 Bb7 50. Qd3 Rxc2 51. Rxc2 Rxc2 52. Qxc2 Qc8 53. Qxc8 Bxc8 54. Nc3 Ba6 55. Bf1 Bd2 56. Na2 Ne8 57. Bf2 Nc7 58. Nb3 Bh6 59. Bh3 Nb6 60. Bxb6 1-0

[Event "*** Titled Tuesday 3|2 Blitz"]
[Site "Chess.com"]
[Date "2016.01.05"]
[Round "6"]
[White "BellJackson95"]
[Black "DeviatkinAndrey"]
[Result "0-1"]
[WhiteElo "2265"]
[BlackElo "2489"]
[TimeControl "180+2"]
[EndTime "12:13:05 PST"]
[Termination "DeviatkinAndrey won by resignation"]

1. e4 Nf6 2. e5 Nd5 3. d4 d6 4. c4 Nb6 5. f4 g5 6. fxg5 dxe5 7. c5 Nd5 8. dxe5 Bg7 9. Nf3 Nc6 10.
Bc4 Be6 11. Bb5 O-O 12. Bxc6 bxc6 13. O-O Nb4 14. Nc3 Nd3 15. Qc2 Nxe5 16. Bf4 Qd3 17.
Rac1 Qxc2 18. Rxc2 Nd3 19. Bxc7 Rac8 20. Bg3 Nxc5 21.
Be5 Rfd8 22. Bxg7 Kxg7 23. b4 Nd3 24. a3 c5 25. b5 c4 26. Ne2 Rc5 27. Ned4 Bg4 28.
h3 Bd7 29. a4 e5 30. Ne2 Bf5 31. Ng3 Bg6 32. Nh4 Rd7 33. Nxg6 hxg6 34. Ne4 Rcc7 35.
Rd1 Rd4 36. Nf6 Kf8 37. Ng4 Nb4 38. Rcc1 Rxd1+ 39. Rxd1 c3 40. Nf6 c2 41. Rd8+ Ke7 42.
Re8+ Kd6 43. Ne4+ Kd5 44. Nf6+ Kc4 45. Rxe5 c1=Q+ 0-1

[Event "*** Titled Tuesday 3|2 Blitz"]
[Site "Chess.com"]
[Date "2016.01.05"]
[Round "6"]
[White "Cecile_Haussernot"]
[Black "ftorodent"]
[Result "1-0"]
[WhiteElo "2223"]
[BlackElo "2116"]
[TimeControl "180+2"]
[EndTime "12:13:07 PST"]
[Termination "Cecile_Haussernot won by checkmate"]

1. e4 e6 2. d4 d5 3. Nc3 Bb4 4.
Ne2 dxe4 5. a3 Be7 6. Nxe4 Nf6 7. N2g3 Nbd7 8. Bd3 c5 9. dxc5 Nxc5 10. Nxc5 Bxc5 11. Bg5 Qa5+ 12. Bd2 Qb6 13. Qf3 Bd7 14. b4 Bd4 15. c3 Be5 16. Qe2 Qc7 17. O-O O-O 18. f4 Bxc3 19.
Rac1 Qb6+ 20. Be3 Bd4 21. Bxd4 Qxd4+ 22. Kh1 Ba4 23. f5 e5 24. Rc4 Qd6 25. Ne4 Nxe4 26. Rxe4 f6 27. Bc4+ Kh8 28. Rh4 h6 29. b5 Qxa3 30.
Qg4 Qe3 31. Rh3 Qd2 32. Rd3 Qg5 33. Qf3 Rad8 34. Ra3 Bc2 35. Be6 a6 36. Qf2 Rd2 37.
Qg1 Be4 38. Rg3 Qh4 39. Rf2 Rxf2 40. Qxf2 Rd8 41. h3 axb5 42. Kh2 b4 43. Qb6 Qf4 44. Qxd8+ Kh7 45. Qg8# 1-0

[Event "*** Titled Tuesday 3|2 Blitz"]
[Site "Chess.com"]
[Date "2016.01.05"]
[Round "6"]
[White "Anton_Demchenko"]
[Black "Tesla37"]
[Result "1-0"]
[WhiteElo "2678"]
[BlackElo "2535"]
[TimeControl "180+2"]
[EndTime "12:13:25 PST"]
[Termination "Anton_Demchenko won on time"]

1. e4 c5 2. Nf3 e6 3. d4 cxd4 4.
Nxd4 Nc6 5. Nc3 Qc7 6. Be3 a6 7.
Qf3 d6 8. O-O-O Bd7 9. Qg3 Rc8 10. Nxc6 Bxc6 11. f3 b5 12. Bd3 Nf6 13. Kb1 Nd7 14. Ne2 Ne5 15. Nd4 Bb7 16. Be2 h5 17. h4 g6 18. c3 Nc4 19. Bxc4 Qxc4 20. Bg5 e5 21. Nc2 Qe6 22. Rd2 f6 23. Be3 f5 24. exf5 gxf5 25. Bg5 f4 26. Qf2 Rh7 27. Re1 Qf5 28. Ka1 Kf7 29. Qb6 Kg8 30. Nb4 Rd7 31. Red1 Qe6 32. Qf2 d5 33. g3 a5 34. Nd3 b4 35. cxb4 axb4 36. gxf4 e4 37. Ne5 Rdc7 38. Qg1 Bg7 39.
fxe4 dxe4 40. Rd8+ Rxd8 41. Bxd8 Rc2 42. Rd7 Qxd7 43.
Nxd7 e3 44. Qxe3 Rxb2 45. Nf6+ 1-0

[Event "*** Titled Tuesday 3|2 Blitz"]
[Site "Chess.com"]
[Date "2016.01.05"]
[Round "6"]
[White "alex_zapata"]
[Black "nonsopolo1"]
[Result "0-1"]
[WhiteElo "2184"]
[BlackElo "2068"]
[TimeControl "180+2"]
[EndTime "12:13:27 PST"]
[Termination "nonsopolo1 won on time"]

1. e4 c5 2. Nf3 d6 3. d4 cxd4 4. Nxd4 Nf6 5. Nc3 g6 6. Be3 Bg7 7. Bc4 O-O 8. f3 Nc6 9. Qd2 Bd7 10. h4 h5 11. O-O-O Qa5 12. g4 Rfc8 13. Bb3 Ne5 14. gxh5 Nxh5 15. Nde2 Nxf3 16. Qd3 Ne5 17.
Qd2 Nc4 18. Bxc4 Rxc4 19. Bh6 Be6 20. Bxg7 Kxg7 21. Nd4 Qe5 22. Nxe6+ Qxe6 23. Rhg1 Rac8 24. Rg5 Qh3 25. Rdg1 Qxh4 26. Qe2 Nf6 27. Qg2 Kf8 28. e5 dxe5 29. Qxb7 Qf4+ 30. Kb1 e4 31. R5g2 Rxc3 32. bxc3 Rb8 33. Qb3 Rxb3+ 34. axb3 e3 35. Re1 Nd5 36. c4 Qe4 37. Rg3 Nc3+ 38. Kb2 Qd4 0-1